 Dungeon Crawl Stone Soup version 0.25-a0-364-ge76b031 (webtiles) character file.

Game seed: 8432116994238571657, levelgen mode: deterministic

66 Amaryllis the Cutter (level 4, 0/23 HPs)
             Began as a Vine Stalker Abyssal Knight on Jan 5, 2020.
             Was a Follower of Lugonu.
             Slain by a gnoll
             ... wielding a +0 spear
              (2 damage)
             ... on level 2 of the Dungeon.
             The game lasted 00:05:04 (1329 turns).

Amaryllis the Cutter (Vine Stalker Abyssal Knight)  Turns: 1329, Time: 00:05:05

Health: 0/23       AC:  8    Str: 15    XL:     4   Next: 15%
Magic:  0/7        EV:  6    Int: 12    God:    Lugonu [*.....]
Gold:   19         SH:  0    Dex: 14    Spells: 3/3 levels left

rFire    . . .     SeeInvis .   a - +1 short sword
rCold    . . .     Gourm    .   (no shield)
rNeg     . . .     Faith    .   j - +0 chain mail
rPois    .         Spirit   +   (no helmet)
rElec    .         Reflect  .   (no cloak)
rCorr    .         Harm     .   (no gloves)
MR       .....                  (no boots)
Stlth    ..........             (no amulet)
HPRegen  0.47/turn              (no ring)
MPRegen  0.10/turn              (no ring)

@: no status effects
A: fangs 2, regeneration 1, magic shield, antimagic bite, no potion heal 3, rot
immunity
a: Depart the Abyss, Renounce Religion


You were on level 2 of the Dungeon.
You worshipped Lugonu.
Lugonu was aware of your devotion.
You were very hungry.

You visited 1 branch of the dungeon, and saw 2 of its levels.
You visited the Abyss 1 time.

You collected 19 gold pieces.

Inventory:

Hand Weapons
 a - a +1 short sword (weapon)
Missiles
 d - 51 stones (quivered)
Armour
 b - a +0 leather armour
 j - a +0 chain mail (worn)
 l - a +2 ring mail of fire resistance
Magical Staves
 r - an uncursed staff of cold {unknown}
Jewellery
 q - a +3 ring of protection {unknown}
Scrolls
 f - a scroll of fog {unknown}
 h - a scroll of noise {unknown}
 i - a scroll of teleportation {unknown}
 k - a scroll of identify {unknown}
 n - 3 scrolls of enchant armour {unknown}
 o - a scroll of fear {unknown}
Potions
 e - 2 potions of heal wounds {unknown}
 g - 2 potions of degeneration {unknown}
 m - a potion of agility {unknown}
 p - a potion of invisibility {unknown}
Comestibles
 c - 2 rations


   Skills:
 - Level 2.6 Fighting
 * Level 3.3 Short Blades
 - Level 1.5 Armour
 - Level 0.7 Dodging
 + Level 2.8 Invocations


You had 3 spell levels left.
You didn't know any spells.
Your spell library was empty.

Dungeon Overview and Level Annotations

Branches:
Dungeon (2/15)

Altars:
Sif Muna


Innate Abilities, Weirdness & Mutations

You have extremely sharp teeth.
Your natural rate of healing is unusually fast.
When hurt, damage is shared between your health and your magic reserves.
Your bite disrupts and absorbs the magic of your enemies.
Potions cannot restore your health.
You are immune to rotting.


Message History

You feel invigorated.
The gnoll is lightly wounded.
The bat barely misses you. The gnoll hits you with a +0 spear.
You closely miss the gnoll.
The gnoll is lightly wounded.
The bat hits you but does no damage. The gnoll hits you with a +0 spear!
* * * LOW HITPOINT WARNING * * *
You hit the gnoll. You bite the gnoll. You drain its power.
You feel invigorated.
The gnoll is heavily wounded.
The gnoll hits you with a +0 spear.
* * * LOW HITPOINT WARNING * * *
The bat hits you but does no damage.
You closely miss the gnoll. Your bite misses the gnoll.
The gnoll is heavily wounded.
The bat hits you but does no damage. The gnoll hits you with a +0 spear.
* * * LOW HITPOINT WARNING * * *
The bat hits you but does no damage.
The gnoll hits you from afar with a +0 spear.
You die...

## # ### ## # #.. !..
# #.#####.##### #
#.#.........# #
#.#.........# ######.
#######.#b.##.....#.#
......[
......g.#..#......#.#
######.
#)@...._...... #
###......#..#
#.....##..#
#..)......#
#.........#
#####.##### #.##.#
#....# #.####


You could see a gnoll and a bat.

Vanquished Creatures
  An adder (D:2)
  3 gnolls
  2 oozes (D:1)
  4 jackals (D:1)
  2 kobolds
  A quokka (D:2)
  4 bats
  3 goblins
20 creatures vanquished.

Notes
Turn   | Place    | Note
-------+----------+-------------------------------------------
     0 | Abyss:1  | Amaryllis the Vine Stalker Abyssal Knight began the quest
                  | for the Orb.
     0 | Abyss:1  | Reached XP level 1. HP: 11/11 MP: 3/3
    27 | Abyss:1  | Found a corrupted altar of Lugonu.
    46 | Abyss:1  | Noticed a shadow
    51 | D:1      | Escaped the Abyss
   152 | D:1      | Reached skill level 2 in Short Blades
   355 | D:1      | Reached XP level 2. HP: 16/16 MP: 4/4
   524 | D:1      | Reached * piety under Lugonu
   604 | D:1      | Reached XP level 3. HP: 19/19 MP: 5/5
  1081 | D:2      | Reached skill level 3 in Short Blades
  1300 | D:2      | Found a shimmering blue altar of Sif Muna.
  1323 | D:2      | Gained mutation: Your natural rate of healing is unusually
                  | fast. [Vine Stalker growth]
  1323 | D:2      | Reached XP level 4. HP: 10/23 MP: 5/7
  1328 | D:2      | HP: 1/23 [gnoll/+0 spear (2)]
  1329 | D:2      | Slain by a gnoll

Levels and vault maps discovered:
D:1:      roderic_crossed_star, layout_basic
D:2:      layout_loops_ring, nemelex_xobeh_ov_fountains_minmay,
          nicolae_overflow_crystal_walls, kennysheep_generic_room_9

Skill      XL: |  1  2  3 |
---------------+----------+-----
Short Blades   | 2 3 |  3.3
Invocations    | 2 |  2.8
Fighting       | |  2.6
Armour         | |  1.5
Dodging        | |  0.7

Action                   |  1- 3 |  4- 6 || total
-------------------------+-------+-------++-------
Melee: Short sword       |    73 |     4 ||    77
       Bite              |    20 |     2 ||    22
Invok: Depart the Abyss  |     1 |       ||     1
Armor: Chain mail        |    43 |     5 ||    48
       Leather armour    |     1 |       ||     1
Dodge: Dodged            |    36 |     2 ||    38

Table legend:
 A = Non-vault XP
 B = Vault XP
 C = Vault XP percentage of total XP
 D = Non-vault monster count
 E = Vault monster count
 F = Vault count percentage of total count
                 A         B        C        D         E       F
            +---------+---------+-------+---------+---------+-------
      Total |      95 |       0 |   0.0 |      20 |       0 |   0.0
            +---------+---------+-------+---------+---------+-------
        D:1 |      42 |       0 |   0.0 |      11 |       0 |   0.0
        D:2 |      53 |       0 |   0.0 |       9 |       0 |   0.0
            +---------+---------+-------+---------+---------+-------
